 Dungeon Crawl Stone Soup version 0.29-a0-451-gfbfa424 (webtiles) character file.

Game seed: 4296432012065846230

1570 Toastz the Slicer (level 9, -2/59 HPs)
             Began as a Kobold Berserker on May 19, 2022.
             Was a Priest of Trog.
             Slain by a shadow (19 damage)
             ... on level 6 of the Dungeon.
             The game lasted 00:11:40 (5991 turns).

Toastz the Slicer (Kobold Berserker)                Turns: 5991, Time: 00:11:40

Health: -2/59      AC:  3    Str: 14    XL:     9   Next: 13%
Magic:  9/9        EV: 15    Int:  8    God:    Trog [***...]
Gold:   295        SH:  0    Dex: 19    Spells: 8/8 levels left

rFire   . . .      SeeInvis .   b - +0 rapier
rCold   + . .      Faith    .   (no shield)
rNeg    . . .      Spirit   .   q - +1 robe {rC+}
rPois   .          Reflect  .   (no helmet)
rElec   .          Harm     .   (no cloak)
rCorr   .          Rampage  .   (no gloves)
Will    .....                   (no boots)
Stlth   ++++......              (no amulet)
HPRegen 0.19/turn               (no ring)
MPRegen 0.11/turn               (no ring)

@: on berserk cooldown, slowed, very slow
A: small, no large weapons, nightstalker 3
a: Renounce Religion, Berserk, Trog's Hand


You were on level 6 of the Dungeon.
You worshipped Trog.
Trog was most pleased with you.
You visited 1 branch of the dungeon, and saw 6 of its levels.

You collected 295 gold pieces.

Inventory:

Hand Weapons
 a - a +1 dagger of venom
 b - a +0 rapier (weapon)
 C - a +0 short sword
Missiles
 d - 186 stones
 r - 14 poisoned darts
 G - 3 boomerangs (quivered)
Armour
 m - a +0 ring mail
 q - a +1 robe of cold resistance (worn)
Jewellery
 s - a ring of fire
Wands
 n - a wand of acid (2)
 y - a wand of flame (2)
 D - a wand of polymorph (8)
Scrolls
 f - 2 scrolls of vulnerability {unknown}
 g - 3 scrolls of teleportation
 i - 8 scrolls of identify {unknown}
 k - a scroll of blinking {unknown}
 l - 2 scrolls of amnesia {unknown}
 o - a scroll of immolation {unknown}
 t - a scroll of fog {unknown}
 v - a scroll of noise {unknown}
 B - a scroll of magic mapping {unknown}
 F - a scroll of enchant weapon {unknown}
 H - a scroll of poison {unknown}
Potions
 c - a potion of cancellation {unknown}
 e - 3 potions of heal wounds {unknown}
 h - a potion of brilliance {unknown}
 j - 3 potions of curing {unknown}
 p - 2 potions of lignification {unknown}
 u - 2 potions of flight {unknown}
 w - a potion of resistance {unknown}
 x - a potion of ambrosia {unknown}
 z - a potion of invisibility {unknown}
 A - a potion of mutation {unknown}
 E - 2 potions of degeneration {unknown}


   Skills:
 + Level 8.0 Fighting
 * Level 11.1 Short Blades
 - Level 2.0 Armour
 - Level 3.0 Dodging
 - Level 3.0 Stealth


You had 8 spell levels left.
You didn't know any spells.
Your spell library was empty.

Dungeon Overview and Level Annotations

Branches:
Dungeon (6/15)
 Temple: D:4-7

Altars:
Fedhas
Kikubaaqudgha
Makhleb
Okawaru
Ru
Trog
Uskayaw
Wu Jian


Innate Abilities, Weirdness & Mutations

You are small and have problems with some larger weapons.
You are completely attuned to the shadows.


Message History

Eustachio closely misses you.
You barely miss the shadow.
The shadow is severely damaged.
You kill Eustachio!
Trog accepts your kill.
Trog appreciates your killing of a magic user.
The rat disappears in a puff of smoke!
The bat disappears in a puff of smoke!
The river rat disappears in a puff of smoke!
Your Fighting skill increases to level 8!
Your Short Blades skill increases to level 11!
You puncture the orc!
You kill the orc!
Trog accepts your kill.
You are no longer berserk.
You are exhausted.
You feel yourself slow down. Something completely misses you.
The shadow slips into darkness.
The shadow flickers and vanishes!
Things that are here:
a +0 flail; an orc corpse Your +1 dagger of venom stops dripping with poison.
b - a +0 rapier (weapon)
Something hits you.
The shadow strikes at you from the darkness!
* * * LOW HITPOINT WARNING * * *
Reactivating autopickup.
You hit the shadow. You punch the shadow, but do no damage.
The shadow is almost destroyed.
Something hits you but does no damage.
Deactivating autopickup; reactivate with Ctrl-A.
The shadow hits you.
You barely miss the shadow.
The shadow is almost destroyed.
You hit something.
The shadow slips into darkness.
The shadow flickers and vanishes!
Something hits you.
* * * LOW HITPOINT WARNING * * *
You hit something but do no damage. Something hits you but does no damage.
The shadow strikes at you from the darkness!
You die...

###########
..........#
..........#
..........#......
..........+......
..........#......
..........#......
..........#{@{...
..........#)))...
..........#'####.
...............#
...............#
...............#
...............#
...†...........
...........


There were no monsters in sight!

Vanquished Creatures
  Sigmund (D:2)
  Eustachio (D:6)
  An orc warrior (D:5)
  3 centaurs
  2 ogres (D:6)
  A bullfrog (D:6)
  4 scorpions
  3 hounds (D:5)
  3 orc priests
  2 iguanas (D:5)
  An iron imp (D:5)
  2 orc wizards (D:4)
  A gnoll (D:1)
  5 adders
  A white imp (D:5)
  3 dart slugs
  2 worms
  12 orcs
  7 bats
  5 endoplasms
  2 giant cockroaches
  4 goblins
  9 hobgoblins
  8 jackals
  11 kobolds
  5 quokkas
  6 ball pythons
  3 frilled lizards
  3 rats (D:1)
111 creatures vanquished.

Notes
Turn   | Place    | Note
-------+----------+-------------------------------------------
     0 | D:1      | Toastz the Kobold Berserker began the quest for the Orb.
     0 | D:1      | Reached XP level 1. HP: 14/14 MP: 1/1
   197 | D:1      | Reached XP level 2. HP: 19/19 MP: 2/2
   456 | D:1      | Noticed a shining eye
   459 | D:1      | Noticed a shining eye
   474 | D:1      | Reached skill level 1 in Stealth
   479 | D:1      | Reached XP level 3. HP: 24/24 MP: 3/3
   495 | D:1      | Found a faded altar of an unknown god.
   495 | D:1      | Noticed a great orb of eyes
   538 | D:1      | Reached ** piety under Trog
   710 | D:1      | Noticed an eye of devastation
  1319 | D:1      | Reached XP level 4. HP: 29/29 MP: 4/4
  1461 | D:2      | Reached skill level 5 in Short Blades
  1953 | D:2      | Noticed Sigmund
  1959 | D:2      | Killed Sigmund
  1960 | D:2      | Reached skill level 5 in Fighting
  1960 | D:2      | Reached skill level 6 in Short Blades
  1960 | D:2      | Reached XP level 5. HP: 30/35 MP: 5/5
  1960 | D:2      | Reached XP level 6. HP: 34/40 MP: 6/6
  3391 | D:4      | Reached XP level 7. HP: 45/45 MP: 7/7
  3460 | D:4      | Found an ornate altar of the Wu Jian Council.
  3635 | D:4      | Found an ancient bone altar of Kikubaaqudgha.
  3884 | D:4      | Reached skill level 7 in Short Blades
  3983 | D:4      | Found a sacrificial altar of Ru.
  4569 | D:5      | Entered Level 5 of the Dungeon
  4827 | D:5      | Found a burning altar of Makhleb.
  5007 | D:5      | Reached skill level 8 in Short Blades
  5007 | D:5      | Found an iron altar of Okawaru.
  5010 | D:5      | Found a blossoming altar of Fedhas.
  5088 | D:5      | Reached XP level 8. HP: 52/52 MP: 8/8
  5089 | D:5      | Reached *** piety under Trog
  5262 | D:5      | Reached skill level 9 in Short Blades
  5300 | D:5      | Found a hide-covered altar of Uskayaw.
  5561 | D:6      | Found a bloodstained altar of Trog.
  5904 | D:6      | Reached skill level 10 in Short Blades
  5937 | D:6      | Reached XP level 9. HP: 59/59 MP: 9/9
  5959 | D:6      | Noticed Eustachio
  5984 | D:6      | Killed Eustachio
  5985 | D:6      | Reached skill level 11 in Short Blades
  5991 | D:6      | Slain by a shadow

Illustrated notes

Levels and vault maps discovered:
D:1:      dpeg_arrival_simpleton_b, layout_basic,
          hellmonk_ecumenical_altar_watching_god, st_stairs_10,
          chequers_serial_rivers_room_b
D:2:      layout_loops_cross, uniq_sigmund
D:3:      layout_loops_ring
D:4:      dreamdust_elfheim, layout_loops_corners, nzn_wu_jian_contemplation,
          nicolae_ru_great_annihilating_truth, mainiacjoe_overflow_tiny_flanked
D:5:      layout_cave_pools, lemuel_doored_altar, makhleb_grotto_becter,
          jmf_multi_god_temple
D:6:      layout_gridville, trog_three_pillars_becter, serial_shops,
          nicolae_shop_trees, uniq_eustachio

Skill      XL: |  1  2  3  4  5  6  7  8  9 |
---------------+----------------------------+-----
Stealth        | 1 2 3 |  3.0
Fighting       | 4 5 6 7 8 |  8.0
Short Blades   | 6 8 10 11 | 11.1
Dodging        | 3 |  3.0
Armour         | 2 |  2.0

Action                   |  1- 3 |  4- 6 |  7- 9 || total
-------------------------+-------+-------+-------++-------
Melee: Short sword       |    75 |       |       ||    75
       Rapier            |    20 |    60 |    89 ||   169
       Dagger            |       |       |    69 ||    69
       Punch             |       |       |     3 ||     3
Throw: Boomerang         |       |       |     2 ||     2
Invok: Berserk           |     1 |     1 |     2 ||     4
  Use: Scroll            |       |     1 |       ||     1
 Stab: Sleeping          |     8 |    11 |    22 ||    41
Armor: Animal skin       |    10 |       |       ||    10
       Ring mail         |       |     4 |       ||     4
       Robe              |       |     2 |    23 ||    25
Dodge: Dodged            |    72 |    29 |    86 ||   187

Table legend: (Time is in decaauts)
 A = Elapsed time spent in this place.
 B = Non-inter-level travel time spent in this place.
 C = Inter-level travel time spent in this place.
 D = Time resting spent in this place.
 E = Time spent auto-exploring this place.
 F = Levels seen in this place.
 G = Mean time per level.
                   A        B        C        D        E       F      G
               +--------+--------+--------+--------+--------+-----+--------+
         Total |   5949 |   5775 |    174 |    340 |   4762 |   6 |  991.5 |
       Dungeon |   5949 |   5775 |    174 |    340 |   4762 |   6 |  991.5 |
               +--------+--------+--------+--------+--------+-----+--------+

Top non-repeatable levels by time:
     D:1: 1375 daAuts
     D:4: 1227 daAuts
     D:2: 1083 daAuts
     D:5: 930 daAuts
     D:3: 879 daAuts
     D:6: 453 daAuts
